 Dungeon Crawl Stone Soup version 0.28-a0-845-gfc338a8e3c (webtiles) character file.

Game seed: 1712707871923649244

140 Rennog the Chopper (level 5, -3/70 HPs)
             Began as a Hill Orc Fighter on Nov 13, 2021.
             Succumbed to a water moccasin's poison
             ... in a sewer.
             The game lasted 00:03:04 (2135 turns).

Rennog the Chopper (Hill Orc Fighter)               Turns: 2135, Time: 00:03:04

Health: -3/70      AC: 22    Str: 18 (19) XL:     5   Next: 22%
Magic:  5/5        EV:  2    Int:  6 (8)  God:
Gold:   102        SH:  4    Dex:  9 (11) Spells: 4/4 levels left

rFire   . . .      SeeInvis .   a - +0 war axe
rCold   . . .      Faith    .   c - +0 buckler
rNeg    . . .      Spirit   .   (armour currently unavailable)
rPois   +          Reflect  .   (helmet currently unavailable)
rElec   .          Harm     .   (cloak currently unavailable)
rCorr   .          Rampage  .   (gloves currently unavailable)
Will    .....      NoTele   +   (boots currently unavailable)
Stlth   +.........              o - amulet of the acrobat
HPRegen 0.21/turn               (no ring)
MPRegen 0.09/turn               (no ring)

@: lethally poisoned (-3 -> -23), tree-form
A: stationary, stasis, torment immunity, boosted hp
a: no special abilities


You were in a sewer.
You were a tree.
You visited 1 branch of the dungeon, and saw 3 of its levels.
You also visited: Sewer.

You collected 102 gold pieces.

Inventory:

Hand Weapons
 a - a +0 war axe (weapon)
Armour
 b - a +0 scale mail (melded)
 c - a +0 buckler (worn)
 m - a +0 cloak (melded)
Jewellery
 o - an amulet of the acrobat (around neck)
Scrolls
 e - a scroll of amnesia {unknown}
 f - a scroll of magic mapping {unknown}
 g - 4 scrolls of identify {unknown}
 h - a scroll of teleportation {unknown}
 i - 2 scrolls of enchant armour {unknown}
 k - 2 scrolls of enchant weapon {unknown}
Potions
 d - a potion of might
 j - a potion of mutation {unknown}
 p - a potion of flight {unknown}


   Skills:
 + Level 4.9 Fighting
 * Level 5.9 Axes
 - Level 3.2 Armour
 - Level 3.2 Shields


You had 4 spell levels left.
You didn't know any spells.
Your spell library contained the following spells:

 Spells                   Type           Power      Damage    Failure   Level
 Passwall                 Tmut/Erth      0%         N/A       63%         2
 Swiftness                Air            0%         N/A       85%         3


Dungeon Overview and Level Annotations

Branches:
Dungeon (3/15)              Sewer (1/1)

Altars:


Message History

The water moccasin poisons you!
You closely miss the water moccasin.
The water moccasin is severely wounded.
You feel very sick. The water moccasin bites you.
You are more poisoned.
The water moccasin poisons you!
You closely miss the water moccasin.
The water moccasin is severely wounded.
You feel very sick. The water moccasin bites you!
You are more poisoned.
The water moccasin poisons you! The water moccasin closely misses you.
You are too injured to fight recklessly!
You are too injured to fight recklessly!
You are too injured to fight recklessly!
You are too injured to fight recklessly!
You are too injured to fight recklessly!
You are too injured to fight recklessly!
You are too injured to fight recklessly!
You are too injured to fight recklessly!
You are too injured to fight recklessly!
You are too injured to fight recklessly!
You completely miss the water moccasin.
The water moccasin is severely wounded.
* * * LOW HITPOINT WARNING * * *
You feel extremely sick.
The water moccasin barely misses you. x2
It was a potion of degeneration.
There was something very wrong with that liquid.
You feel weakened.
You feel dopey.
You feel clumsy.
* * * LOW HITPOINT WARNING * * *
You feel very sick. The water moccasin bites you.
* * * LOW HITPOINT WARNING * * *
It was a potion of lignification.
You turn into a tree.
Your +0 cloak melds into your body.
Your +0 scale mail melds into your body.
Your roots penetrate the ground.
You die...

#.# #.# #.#
####### #.#
##.....## #.#
#...≈...## #.#
...≈≈≈...#######.#
∩†≈≈≈≈≈..........#
...≈≈≈...#######♣#
#...≈...## #S#
##.....## #.#
####### #.# ...
... ... .....


You could see a water moccasin.

Vanquished Creatures
  Crazy Yiuf (D:2)
  4 adders (D:3)
  A worm (D:2)
  2 dart slugs (D:1)
  3 orcs (D:3)
  6 endoplasms
  3 giant cockroaches
  6 hobgoblins
  3 quokkas
  6 ball pythons
  11 bats
  3 frilled lizards
  2 goblins (D:2)
  4 kobolds
  11 rats
66 creatures vanquished.

Notes
Turn   | Place    | Note
-------+----------+-------------------------------------------
     0 | D:1      | Rennog the Hill Orc Fighter began the quest for the Orb.
     0 | D:1      | Reached XP level 1. HP: 19/19 MP: 1/1
    36 | D:1      | Reached skill level 3 in Axes
   144 | D:1      | Reached XP level 2. HP: 26/27 MP: 2/2
   543 | D:1      | Reached skill level 4 in Axes
   583 | D:1      | Reached XP level 3. HP: 28/33 MP: 3/3
  1468 | D:2      | Found a runed translucent door.
  1469 | D:2      | Noticed Crazy Yiuf
  1592 | D:2      | Killed Crazy Yiuf
  1593 | D:2      | Reached skill level 5 in Axes
  1593 | D:2      | Reached XP level 4. HP: 12/41 MP: 4/4
  2071 | D:3      | Found a glowing drain.
  2076 | D:3      | Reached XP level 5. HP: 47/47 MP: 5/5
  2088 | Sewer    | Entered a sewer
  2117 | Sewer    | Noticed a water moccasin
  2134 | Sewer    | HP: 1/47 [water moccasin (3)]
  2135 | Sewer    | Succumbed to a water moccasin's poison

Illustrated notes

Levels and vault maps discovered:
D:1:      eino_arrival_cavern_e, layout_basic
D:2:      layout_loops_ring, amcnicky_mini_rare_corridor_liquid,
          chequers_serial_rivers_large_b, uniq_crazy_yiuf_cottage
D:3:      minmay_evil_eye, layout_loops_ring, portal_sewer_entry_a,
          minmay_misc_feat_x, kennysheep_jessica_study
Sewer:    sewer_big_baddie

Skill      XL: |  1  2  3 |
---------------+----------+-----
Axes           | 3 4 5 |  5.9
Fighting       | 4 |  4.9
Armour         | |  3.2
Shields        | |  3.2

Action                   |  1- 3 |  4- 6 || total
-------------------------+-------+-------++-------
Melee: War axe           |   103 |    64 ||   167
  Use: Potion            |       |     2 ||     2
Armor: Scale mail        |    35 |    41 ||    76
Dodge: Dodged            |    46 |    44 ||    90
Block: Buckler           |    16 |    24 ||    40

Table legend: (Time is in decaauts)
 A = Elapsed time spent in this place.
 B = Non-inter-level travel time spent in this place.
 C = Inter-level travel time spent in this place.
 D = Time resting spent in this place.
 E = Time spent auto-exploring this place.
 F = Levels seen in this place.
 G = Mean time per level.
                   A        B        C        D        E       F      G
               +--------+--------+--------+--------+--------+-----+--------+
         Total |   2210 |   1983 |    227 |    184 |   1403 |   4 |  552.5 |
       Dungeon |   2158 |   1931 |    227 |    184 |   1389 |   3 |  719.3 |
         Sewer |     51 |     51 |      0 |      0 |     14 |   1 |   51.0 |
               +--------+--------+--------+--------+--------+-----+--------+

Top non-repeatable levels by time:
     D:2: 991 daAuts
     D:1: 880 daAuts
     D:3: 286 daAuts
   Sewer: 51 daAuts
